 Dungeon Crawl Stone Soup version 0.22.1-2-g9c5b331383 (webtiles) character file.

308 Chr0nify the Magician (level 6, -4/32 HPs)
             Began as a Deep Elf Wizard on Nov 13, 2018.
             Slain by a hornet zombie (11 damage)
             ... on level 5 of the Dungeon.
             The game lasted 00:32:22 (5836 turns).

Chr0nify the Magician (Deep Elf Wizard)             Turns: 5836, Time: 00:32:23

Health: -4/32      AC:  2    Str:  4    XL:     6   Next: 17%
Magic:  10/18      EV: 13    Int: 25    God:
Gold:   232        SH:  0    Dex: 13    Spells: 6/19 levels left

rFire    . . .     SeeInvis .   (no weapon)
rCold    . . .     Gourm    .   (no shield)
rNeg     . . .     Faith    .   a - +0 robe
rPois    .         Spirit   .   b - +0 hat
rElec    .         Reflect  .   (no cloak)
rCorr    .         Harm     .   (no gloves)
MR       .....                  (no boots)
Stlth    ++........             (no amulet)
HPRegen  0.10/turn              (no ring)
MPRegen  0.16/turn              (no ring)

@: no status effects
A: no striking features
a: no special abilities


You were on level 5 of the Dungeon.
You were not hungry.

You visited 1 branch of the dungeon, and saw 5 of its levels.

You collected 232 gold pieces.

Inventory:

Armour
 a - a +0 robe (worn)
 b - a +0 hat (worn)
Wands
 m - a wand of random effects (23)
Scrolls
 c - 2 scrolls of fog {unknown}
 f - a scroll of magic mapping {unknown}
 g - a scroll of remove curse {unknown}
 h - a scroll of enchant weapon {unknown}
 i - 2 scrolls of teleportation {unknown}
 j - 4 scrolls of fear {unknown}
 l - 4 scrolls of identify {unknown}
 n - a scroll of amnesia {unknown}
Potions
 e - 2 potions of brilliance
 k - a potion of degeneration {unknown}
 o - a potion of curing {unknown}
Comestibles
 d - 10 rations


   Skills:
 + Level 0.1 Fighting
 + Level 2.9 Dodging
 + Level 3.2 Stealth
 + Level 0.1 Unarmed Combat
 + Level 7.1 Spellcasting
 + Level 3.0 Conjurations
 + Level 1.1 Summonings
 + Level 2.6 Translocations
 + Level 0.5 Fire Magic
 + Level 0.4 Air Magic
 + Level 0.5 Poison Magic
 + Level 0.1 Evocations


You had 6 spell levels left.
You knew the following spells:

 Your Spells              Type           Power        Failure   Level  Hunger
a - Magic Dart            Conj           ###.         1%          1    None
b - Blink                 Tloc           N/A          3%          2    None
c - Call Imp              Summ           ##......     6%          2    None
d - Conjure Flame         Conj/Fire      ###.....     10%         3    None
e - Mephitic Cloud        Conj/Pois/Air  ###.....     12%         3    None
f - Slow                  Hex            #.......     10%         2    None

Your spell library contained the following spells:

 Spells                   Type           Power        Failure   Level  Hunger


Dungeon Overview and Level Annotations

Branches:
Dungeon (5/15)
 Temple: D:4-7

Altars:
Wu Jian


Message History

The hornet zombie is severely damaged.
The hornet zombie barely misses you.
Casting: Magic Dart (safe; 1% risk of failure)
Confirm with . or Enter, or press ? or * to list all spells.
Aiming: Magic Dart (safe; 1% risk of failure)
Press: ? - help, Shift-Dir - straight line, f/p - hornet zombie
Aim: a hornet zombie (severely damaged)
The magic dart hits the hornet zombie.
The hornet zombie is almost destroyed.
The hornet zombie hits you!
* * * LOW HITPOINT WARNING * * *
Casting: Magic Dart (safe; 1% risk of failure)
Confirm with . or Enter, or press ? or * to list all spells.
Aiming: Magic Dart (safe; 1% risk of failure)
Press: ? - help, Shift-Dir - straight line, f/p - hornet zombie
Aim: a hornet zombie (almost destroyed)
The magic dart hits the hornet zombie.
The hornet zombie is almost destroyed.
The hornet zombie hits you!
You die...

#.#####
#.....#######
#####.#..<..#
#.#.###(# #Z#
#.# #@# #.#
#.#####>#
#.<.....#
#########


You could see a hornet zombie.

Vanquished Creatures
  An ogre (D:4)
  A centaur skeleton (D:4)
  Terence (D:2)
  2 worker ants (D:4)
  5 adders
  A worm (D:3)
  A dart slug (D:3)
  2 leopard geckos
  6 giant cockroaches
  13 goblins
  5 hobgoblins
  2 jackals (D:2)
  5 quokkas
  3 ball pythons
  9 bats
  A frilled lizard (D:1)
  4 kobolds
  A leopard gecko skeleton (D:5)
  7 rats
70 creatures vanquished.

Notes
Turn   | Place    | Note
-------+----------+-------------------------------------------
     0 | D:1      | Chr0nify the Deep Elf Wizard began the quest for the Orb.
     0 | D:1      | Reached XP level 1. HP: 10/10 MP: 7/7
   389 | D:1      | Reached skill level 5 in Spellcasting
   389 | D:1      | Reached XP level 2. HP: 15/15 MP: 6/10
   394 | D:1      | Learned a level 2 spell: Blink
   398 | D:1      | Learned a level 2 spell: Call Imp
  1245 | D:2      | Noticed Terence
  1265 | D:2      | Killed Terence
  1265 | D:2      | Reached XP level 3. HP: 19/19 MP: 0/12
  1586 | D:2      | Learned a level 3 spell: Conjure Flame
  1590 | D:2      | Learned a level 3 spell: Mephitic Cloud
  2306 | D:2      | Reached XP level 4. HP: 24/24 MP: 10/13
  3507 | D:3      | Reached skill level 6 in Spellcasting
  4351 | D:4      | Noticed an ogre
  4365 | D:4      | Killed an ogre
  4365 | D:4      | Reached XP level 5. HP: 28/28 MP: 3/16
  4588 | D:4      | Found an ornate altar of the Wu Jian Council.
  4907 | D:4      | Reached XP level 6. HP: 2/32 MP: 0/17
  5231 | D:4      | Reached skill level 7 in Spellcasting
  5736 | D:5      | Entered Level 5 of the Dungeon
  5816 | D:5      | Learned a level 2 spell: Slow
  5836 | D:5      | Slain by a hornet zombie

Skill      XL: |  1  2  3  4  5  6 |
---------------+-------------------+-----
Spellcasting   | 5 6 7 |  7.1
Conjurations   | 2 3 |  3.0
Stealth        | 3 |  3.2
Translocations | 2 |  2.6
Fighting       | |  0.1
Dodging        | |  2.9
Unarmed Combat | |  0.1
Summonings     | |  1.1
Fire Magic     | |  0.5
Air Magic      | |  0.4
Poison Magic   | |  0.5
Evocations     | |  0.1

Action                   |  1- 3 |  4- 6 || total
-------------------------+-------+-------++-------
Melee: Unarmed           |    20 |     3 ||    23
 Cast: Magic Dart        |    60 |   109 ||   169
       Blink             |    12 |    21 ||    33
       Call Imp          |     1 |       ||     1
       Conjure Flame     |     5 |    18 ||    23
       Mephitic Cloud    |     2 |     6 ||     8
Evoke: Wand              |       |    12 ||    12
  Use: Potion            |     3 |     1 ||     4
  Eat: Chunk             |     3 |     6 ||     9
       Ration            |     1 |     1 ||     2
Armor: Robe              |    18 |     2 ||    20
Dodge: Dodged            |    56 |    41 ||    97
